 Dungeon Crawl Stone Soup version 0.31-a0-1074-g0b22e4e0f1 (webtiles) character file.

Game seed: 4468022992708536773

70 lunkers the Ruffian (level 4, -7/25 HPs)
             Began as a Meteoran Shapeshifter on Nov 29, 2023.
             Killed by divine providence
             ... invoked by an orc priest
              (16 damage)
             ... on level 3 of the Dungeon.
             The game lasted 00:02:23 (876 turns).

lunkers the Ruffian (Meteoran Shapeshifter)          Turns: 876, Time: 00:02:24

Health: -7/25      AC:  9    Str: 16    XL:     4   Next: 74%
Magic:  5/5        EV: 10    Int: 11    God:
Gold:   99         SH:  0    Dex: 15    Spells: 3/3 levels left

rFire   . .          .
                       - Unarmed
rCold   . . .        (shield currently unavailable)
rNeg    . . .        i - +0 scale mail
rPois   .            q - +0 helmet
rElec   .            (no cloak)
rCorr   .            o - +1 pair of gloves
SInv    .            (no boots)
Will    .....        (no amulet) Stlth
                     (no ring)
HPRegen 0.24/turn    (no ring)
MPRegen 0.09/turn

%: no passive effects
@: flux-form, glowing
A: glow, contaminating, reduced hp, sense surroundings 1, otherworldly, glowing,
explore regen
a: Begin Untransformation


You were on level 3 of the Dungeon.
You were something dangerously unstable.
You visited 1 branch of the dungeon, and saw 3 of its levels.

You collected 99 gold pieces.

Inventory:

Armour
 i - a +0 scale mail (worn)
 o - a +1 pair of gloves (worn)
 q - a +0 helmet (worn)
Jewellery
 s - a +6 ring of dexterity
Talismans
 c - a beast talisman
 d - a flux talisman (active)
Wands
 p - a wand of light (9)
 r - a wand of flame (21)
Scrolls
 e - 2 scrolls of noise {unknown}
 f - 2 scrolls of blinking {unknown}
 k - 4 scrolls of teleportation {unknown}
 m - a scroll of identify {unknown}
 n - a scroll of enchant weapon {unknown}
Potions
 a - a potion of haste {unknown}
 b - a potion of lignification
 g - a potion of brilliance {unknown}
 h - a potion of cancellation {unknown}
 j - a potion of curing {unknown}
 l - 2 potions of magic {unknown}


   Skills:
 - Level 1.1 Fighting
 - Level 2.1 Dodging
 * Level 5.3 Unarmed Combat
 + Level 4.4 Shapeshifting


You had 3 spell levels left.
You didn't know any spells.
Your spell library was empty.

Dungeon Overview and Level Annotations

Branches:
Dungeon (3/15) Zot: 928

Altars:


Innate Abilities, Weirdness & Mutations

You are something dangerously unstable.
You glow with magical radiation, making you easy to see and hit.
Foes you strike become dangerously contaminated with magical radiation.
Your maximum health is decreased, since you lack skill for your form.
You are incapable of wielding weapons or throwing items.
You passively map a small area around you.
You are easily found by Zot.
You glow in the dark.
You regain HP and MP as you explore.


Message History

You kill Ijyb!
Your Unarmed Combat skill increases to level 5!
Unknown command.
r - a wand of flame (21)
Things that are here:
a +0 dagger; a +0 ring mail
Okay, then.
HP restored.
s - a +6 ring of dexterity An orc comes into view.
It is wielding a +0 flail.
The orc shouts!
You hit the orc.
You kill the orc!
No target in view!
No target in view!
No target in view!
No target in view!
An orc comes into view. It is wielding a +0 flail.
You see here a +0 flail.
An orc is nearby!
Found 7 stones.
You hit the orc.
The orc begins to glow.
The orc is moderately wounded.
The orc hits you with a +0 flail.
An orc priest comes into view. It is wielding a +0 club.
You barely miss the orc.
The orc is moderately wounded.
The orc priest shouts!
You hear a shout!
The orc hits you with a +0 flail!
* * * LOW HITPOINT WARNING * * *
You hit the orc.
The orc glows dangerously bright.
The orc is severely wounded.
The orc hits you with a +0 flail.
* * * LOW HITPOINT WARNING * * *
You hit the orc.
You kill the orc!
The orc priest calls down the wrath of Beogh upon you.
Beogh smites you!
Ouch! That really hurt!
You die...

* #.# *#.##.#.<..#### #.#
*(##.#........... # * #.#
.##.#.)#....#### #.* #.#
*.##.#.#....## .### #.#
#!##...##.#.# ,..# #.#
#.##.####.#.# #.#####.#
#.##.####.#..
###.##....#######....o....##.#
.......#.....)..p)...#######.#
**
.##.##....#########..........
,,
.##.#####.#########...#######
.##.# #.##...........# ..#.#
#.##.######..<.# * ,
..#.#####.## #..#.# ,
............,* #.†#.##
....######.# #.....###, ....#
#.# ##..>......


You could see an orc priest.

Vanquished Creatures
  Ijyb (D:3)
  An adder (D:2)
  A worm (D:2)
  2 orcs (D:3)
  3 ball pythons (D:1)
  A bat (D:3)
  2 endoplasms
  5 goblins
  3 hobgoblins
  3 jackals (D:1)
  3 kobolds
  A frilled lizard (D:2)
  2 rats (D:1)
28 creatures vanquished.

Notes
Turn   | Place    | Note
-------+----------+-------------------------------------------
     0 | D:1      | lunkers the Meteoran Shapeshifter began the quest for the
                  | Orb.
     0 | D:1      | Reached XP level 1. HP: 16/16 MP: 2/2
    37 | D:1      | Found a faded altar of an unknown god.
    45 | D:1      | Reached skill level 4 in Unarmed Combat
    45 | D:1      | Reached XP level 2. HP: 21/23 MP: 3/3
   280 | D:1      | Reached XP level 3. HP: 25/28 MP: 4/4
   732 | D:3      | Reached XP level 4. HP: 25/35 MP: 5/5
   791 | D:3      | Noticed Ijyb
   800 | D:3      | Killed Ijyb
   801 | D:3      | Reached skill level 5 in Unarmed Combat
   876 | D:3      | Killed from afar by an orc priest

Illustrated notes

Levels and vault maps discovered:
D:1:      minmay_arrival_up_and_down, layout_rooms,
          shapermc_ecumenical_altar_venn, minmay_stone_trees_small,
          chequers_serial_rivers_large_a
D:2:      layout_loops_cross, serial_glass, glass_columns_a, glass_columns_c,
          glass_columns_a, glass_columns_b, glass_columns_b, glass_columns_b,
          glass_columns_c, glass_columns_a, glass_columns_a, glass_columns_a
D:3:      layout_loops_ring, uniq_ijyb

Skill      XL: |  1  2  3  4 |
---------------+-------------+-----
Unarmed Combat | 4 5 |  5.3
Shapeshifting  | 4 |  4.4
Fighting       | |  1.1
Dodging        | |  2.1

Action                     |  1- 3 |  4- 6 || total
---------------------------+-------+-------++-------
  Melee: Unarmed           |    41 |    15 ||    56
 Armour: Animal skin       |    12 |       ||    12
         Scale mail        |     6 |    10 ||    16
  Dodge: Dodged            |    18 |     3 ||    21
   Form: Flux              |     1 |       ||     1

Table legend: (Time is in decaauts)
 A = Elapsed time spent in this place.
 B = Non-inter-level travel time spent in this place.
 C = Inter-level travel time spent in this place.
 D = Time resting spent in this place.
 E = Time spent auto-exploring this place.
 F = Levels seen in this place.
 G = Mean time per level.
                   A        B        C        D        E       F      G
               +--------+--------+--------+--------+--------+-----+--------+
         Total |    870 |    839 |     31 |      0 |    610 |   3 |  290.0 |
       Dungeon |    870 |    839 |     31 |      0 |    610 |   3 |  290.0 |
               +--------+--------+--------+--------+--------+-----+--------+

Top non-repeatable levels by time:
     D:2: 353 daAuts
     D:1: 352 daAuts
     D:3: 164 daAuts
